TOP OF THE 1ST |
District 9 Prawns batting - Pitching for Calgary Cowboys : LHP Manuel Gil
|
Pitching: LHP Manuel Gil
|
|
Batting: SHB José Estreito
|
0-0: Ball 1-0: Ball 2-0: Ball 3-0: Called Strike 3-1: Foul Ball, location: 2F 3-2: Foul Ball, location: 2F 3-2: Base on Balls
|
Batting: RHB José Colón
|
0-0: Called Strike 0-1: Called Strike 0-2: Ball 1-2: Ball José Estreito steals 2nd base 2-2: Ground out 6-3 (Groundball, 6) José Estreito to third
|
Batting: RHB Reynold Akker
|
0-0: Ball 1-0: Called Strike 1-1: 2-RUN HOME RUN (Flyball, 7LD), Distance : 367 ft
|
Batting: LHB Leonard Young
|
0-0: Ball 1-0: Called Strike 1-1: SINGLE (Groundball, 4MD)
|
Batting: RHB Felipe Jareño
|
0-0: Ball 1-0: Grounds into double play, 6-4-3 (Groundball, 6)
|
Top of the 1st over - 2 run(s), 2 hit(s), 0 error(s), 0 left on base; District 9 2 - Calgary 0 |
BOTTOM OF THE 1ST |
Calgary Cowboys batting - Pitching for District 9 Prawns : LHP Pedro Valdés
|
Pitching: LHP Pedro Valdés
|
|
Batting: RHB César Rodríguez
|
0-0: Ball 1-0: Foul Ball, location: 2F 1-1: Called Strike 1-2: Strikes out swinging
|
Batting: LHB Del Kennedy
|
0-0: Ball 1-0: Foul Ball, location: 2F 1-1: Foul Ball, location: 2F 1-2: Ball 2-2: Ball 3-2: Strikes out looking
|
Batting: RHB Tom Rowe
|
0-0: Called Strike 0-1: Swinging Strike 0-2: Ball 1-2: Ball 2-2: Foul Ball, location: 2F 2-2: Ground out 4-3 (Groundball, 4)
|
Bottom of the 1st over - 0 run(s), 0 hit(s), 0 error(s), 0 left on base; District 9 2 - Calgary 0 |
TOP OF THE 2ND |
District 9 Prawns batting - Pitching for Calgary Cowboys : LHP Manuel Gil
|
Batting: LHB Mike Davis
|
0-0: Ball 1-0: Swinging Strike 1-1: Ball 2-1: Ball 3-1: SOLO HOME RUN (Flyball, 9LD), Distance : 326 ft
|
Batting: RHB Gil Palmer
|
0-0: Ball 1-0: Foul Ball, location: 2F 1-1: Fly out, F5 (Flyball, 5D)
|
Batting: LHB Al Bartlett
|
0-0: Swinging Strike 0-1: Swinging Strike 0-2: Strikes out looking
|
Batting: RHB Jim Edgar
|
0-0: Ball 1-0: Ball 2-0: Called Strike 2-1: Foul Ball, location: 2F 2-2: Ball 3-2: Base on Balls
|
Batting: SHB José Estreito
|
0-0: Foul Ball, location: 2F 0-1: Ball 1-1: Ball 2-1: Ball 3-1: Foul Ball, location: 2F 3-2: Foul Ball, location: 2F 3-2: Fly out, F2 (Popup, 3S)
|
Top of the 2nd over - 1 run(s), 1 hit(s), 0 error(s), 1 left on base; District 9 3 - Calgary 0 |
BOTTOM OF THE 2ND |
Calgary Cowboys batting - Pitching for District 9 Prawns : LHP Pedro Valdés
|
Batting: LHB Miguel Pérez
|
0-0: Called Strike 0-1: Called Strike 0-2: Ball 1-2: Ground out U3 (Groundball, 3L)
|
Batting: RHB Jorge Balencia
|
0-0: Ball 1-0: Foul Ball, location: 2F 1-1: SINGLE (Line Drive, 7S)
|
Batting: LHB Freddy Herrera
|
0-0: Called Strike 0-1: Foul Ball, location: 2F 0-2: Strikes out swinging
|
Batting: RHB Travis Colbert
|
0-0: Called Strike 0-1: Fly out, F9 (Flyball, 9LS)
|
Bottom of the 2nd over - 0 run(s), 1 hit(s), 0 error(s), 1 left on base; District 9 3 - Calgary 0 |
TOP OF THE 3RD |
District 9 Prawns batting - Pitching for Calgary Cowboys : LHP Manuel Gil
|
Batting: RHB José Colón
|
0-0: Foul Ball, location: 2F 0-1: Ball 1-1: Ball 2-1: DOUBLE (Flyball, 89D)
|
Batting: RHB Reynold Akker
|
0-0: Ground out 1-3 (Groundball, P) José Colón to third
|
Batting: LHB Leonard Young
|
0-0: Called Strike 0-1: SINGLE (Line Drive, 9LS) José Colón scores
|
Batting: RHB Felipe Jareño
|
0-0: Ball 1-0: Called Strike 1-1: Swinging Strike 1-2: SINGLE (Groundball, 6D) Leonard Young to second
|
Batting: LHB Mike Davis
|
0-0: Swinging Strike 0-1: Called Strike 0-2: Ball 1-2: Foul Ball, location: 2F 1-2: Fielders Choice at 2nd, 3-6 (Groundball, 34) Leonard Young to third
|
Batting: RHB Gil Palmer
|
0-0: Called Strike 0-1: Ball 1-1: Ball 2-1: Ball 3-1: Base on Balls Mike Davis to second
|
Batting: LHB Al Bartlett
|
0-0: Ball 1-0: Swinging Strike 1-1: Called Strike 1-2: Reached on error, E5 (Groundball, 5) Leonard Young scores Mike Davis to third Gil Palmer to second
|
Batting: RHB Jim Edgar
|
0-0: Ball 1-0: SINGLE (Groundball, 56D) Mike Davis scores Gil Palmer to third Al Bartlett to second Runner from 3rd tries for Home, SAFE, no throw
|
Pitching: RHP William Bryant
|
|
Batting: SHB José Estreito
|
0-0: Ground out U3 (Groundball, 34)
|
Top of the 3rd over - 4 run(s), 4 hit(s), 1 error(s), 2 left on base; District 9 7 - Calgary 0 |
BOTTOM OF THE 3RD |
Calgary Cowboys batting - Pitching for District 9 Prawns : LHP Pedro Valdés
|
Batting: RHB Shayne Burry
|
0-0: Called Strike 0-1: Foul Ball, location: 2F 0-2: Ground out U3 (Groundball, 34D)
|
Batting: RHB Mario Sánchez
|
0-0: Called Strike 0-1: Ball 1-1: Ball 2-1: Ground out U3 (Groundball, 34)
|
Batting: RHB César Rodríguez
|
0-0: Ground out 6-3 (Groundball, 6)
|
Bottom of the 3rd over - 0 run(s), 0 hit(s), 0 error(s), 0 left on base; District 9 7 - Calgary 0 |
TOP OF THE 4TH |
District 9 Prawns batting - Pitching for Calgary Cowboys : RHP William Bryant
|
Batting: RHB José Colón
|
0-0: Fly out, F9 (Flyball, 9S)
|
Batting: RHB Reynold Akker
|
0-0: Called Strike 0-1: Foul Ball, location: 2F 0-2: Strikes out swinging
|
Batting: LHB Leonard Young
|
0-0: Ball 1-0: Ball 2-0: Called Strike 2-1: Foul Ball, location: 2F 2-2: Foul Ball, location: 2F 2-2: Strikes out swinging
|
Top of the 4th over - 0 run(s), 0 hit(s), 0 error(s), 0 left on base; District 9 7 - Calgary 0 |
BOTTOM OF THE 4TH |
Calgary Cowboys batting - Pitching for District 9 Prawns : LHP Pedro Valdés
|
Batting: LHB Del Kennedy
|
0-0: Foul Ball, location: 2F 0-1: Ball 1-1: Foul Ball, location: 2F 1-2: Ball 2-2: Strikes out swinging
|
Batting: RHB Tom Rowe
|
0-0: Called Strike 0-1: Ball 1-1: DOUBLE (Flyball, 8RXD)
|
Batting: LHB Miguel Pérez
|
0-0: Called Strike 0-1: Called Strike 0-2: Ball 1-2: Ball 2-2: Foul Ball, location: 2F 2-2: Strikes out swinging
|
Batting: RHB Jorge Balencia
|
0-0: Ball 1-0: Called Strike 1-1: Called Strike 1-2: Fly out, F8 (Flyball, 8LS)
|
Bottom of the 4th over - 0 run(s), 1 hit(s), 0 error(s), 1 left on base; District 9 7 - Calgary 0 |
TOP OF THE 5TH |
District 9 Prawns batting - Pitching for Calgary Cowboys : RHP William Bryant
|
Batting: RHB Felipe Jareño
|
0-0: Ball 1-0: Called Strike 1-1: Foul Ball, location: 2F 1-2: Ball 2-2: Ball 3-2: Base on Balls
|
Batting: LHB Mike Davis
|
0-0: Ball 1-0: Ball 2-0: Called Strike 2-1: Swinging Strike 2-2: Fly out, F7 (Flyball, 7)
|
Batting: RHB Gil Palmer
|
0-0: Ball 1-0: Called Strike 1-1: Ball 2-1: Swinging Strike 2-2: Strikes out swinging
|
Batting: LHB Al Bartlett
|
0-0: Foul Ball, location: 2F 0-1: Ball 1-1: Foul Ball, location: 2F 1-2: Ball 2-2: Foul Ball, location: 2F 2-2: Ball 3-2: Ground out 6-3 (Groundball, 6)
|
Top of the 5th over - 0 run(s), 0 hit(s), 0 error(s), 1 left on base; District 9 7 - Calgary 0 |
BOTTOM OF THE 5TH |
Calgary Cowboys batting - Pitching for District 9 Prawns : LHP Pedro Valdés
|
Batting: LHB Freddy Herrera
|
0-0: Foul Ball, location: 2F 0-1: Foul Ball, location: 2F 0-2: Strikes out looking
|
Batting: RHB Travis Colbert
|
0-0: Called Strike 0-1: Fly out, F9 (Flyball, 9)
|
Batting: RHB Shayne Burry
|
0-0: Swinging Strike 0-1: Foul Ball, location: 2F 0-2: Ball 1-2: Ball 2-2: Ball 3-2: Fly out, F8 (Flyball, 78D)
|
Bottom of the 5th over - 0 run(s), 0 hit(s), 0 error(s), 0 left on base; District 9 7 - Calgary 0 |
TOP OF THE 6TH |
District 9 Prawns batting - Pitching for Calgary Cowboys : RHP William Bryant
|
Batting: RHB Jim Edgar
|
0-0: SINGLE (Groundball, 34D)
|
Batting: SHB José Estreito
|
0-0: Grounds into double play, 6-4-3 (Groundball, 6)
|
Batting: RHB José Colón
|
0-0: Ball 1-0: Ground out 6-3 (Groundball, 6)
|
Top of the 6th over - 0 run(s), 1 hit(s), 0 error(s), 0 left on base; District 9 7 - Calgary 0 |
BOTTOM OF THE 6TH |
Calgary Cowboys batting - Pitching for District 9 Prawns : LHP Pedro Valdés
|
Batting: RHB Mario Sánchez
|
0-0: Ball 1-0: Called Strike 1-1: Called Strike 1-2: Ball 2-2: Ball 3-2: Base on Balls
|
Batting: RHB César Rodríguez
|
0-0: Ball 1-0: Swinging Strike 1-1: Foul Ball, location: 2F 1-2: Ball 2-2: DOUBLE (Flyball, 8LXD) Mario Sánchez to third Runner from 3rd tries for Home, SAFE, no throw
|
Batting: LHB Del Kennedy
|
0-0: Ball 1-0: Swinging Strike 1-1: Foul Ball, location: 2F 1-2: Ball 2-2: Ball 3-2: Foul Ball, location: 2F 3-2: 2-RUN HOME RUN (Flyball, 9LD), Distance : 341 ft
|
Batting: RHB Tom Rowe
|
0-0: Swinging Strike 0-1: Ball 1-1: Foul Ball, location: 2F 1-2: Ball 2-2: Ball 3-2: Fly out, F8 (Line Drive, 8LS)
|
Batting: LHB Miguel Pérez
|
0-0: Called Strike 0-1: Ground out 3-1 (Groundball, 34)
|
Batting: RHB Jorge Balencia
|
0-0: Fly out, F9 (Flyball, 9)
|
Bottom of the 6th over - 3 run(s), 2 hit(s), 0 error(s), 0 left on base; District 9 7 - Calgary 3 |
TOP OF THE 7TH |
District 9 Prawns batting - Pitching for Calgary Cowboys : RHP William Bryant
|
Batting: RHB Reynold Akker
|
0-0: Ball 1-0: Ball 2-0: Called Strike 2-1: Ball 3-1: Foul Ball, location: 2F 3-2: Ground out 5-3 (Groundball, 56)
|
Batting: LHB Leonard Young
|
0-0: Called Strike 0-1: Foul Ball, location: 2F 0-2: Ball 1-2: Ball 2-2: Strikes out swinging
|
Batting: RHB Felipe Jareño
|
0-0: Ball 1-0: Ball 2-0: Foul Ball, location: 2F 2-1: Foul Ball, location: 2F 2-2: DOUBLE (Groundball, 3L)
|
Batting: LHB Mike Davis
|
0-0: Ball 1-0: Ball 2-0: Ball 3-0: Base on Balls
|
Batting: RHB Gil Palmer
|
0-0: Ball 1-0: Fielders Choice at 2nd, 6-4 (Groundball, 6)
|
Top of the 7th over - 0 run(s), 1 hit(s), 0 error(s), 1 left on base; District 9 7 - Calgary 3 |
BOTTOM OF THE 7TH |
Calgary Cowboys batting - Pitching for District 9 Prawns : LHP Pedro Valdés
|
Batting: LHB Freddy Herrera
|
0-0: Ball 1-0: Ball 2-0: Ball 3-0: Called Strike 3-1: Base on Balls
|
Pitching: LHP Ben Johnson
|
|
Batting: RHB Travis Colbert
|
0-0: Called Strike 0-1: Ball 1-1: Ball 2-1: SINGLE (Line Drive, 8RS) Freddy Herrera to second
|
Batting: RHB Shayne Burry
|
0-0: Swinging Strike 0-1: Grounds into double play, 6-4-3 (Groundball, 6) Freddy Herrera to third
|
Batting: RHB Mario Sánchez
|
0-0: Ball 1-0: Fly out, F4 (Popup, 34D)
|
Bottom of the 7th over - 0 run(s), 1 hit(s), 0 error(s), 1 left on base; District 9 7 - Calgary 3 |
TOP OF THE 8TH |
District 9 Prawns batting - Pitching for Calgary Cowboys : RHP William Bryant
|
Batting: LHB Al Bartlett
|
0-0: Ball 1-0: Foul Ball, location: 2F 1-1: Ball 2-1: Foul Ball, location: 2F 2-2: Ball 3-2: Base on Balls
|
Batting: RHB Jim Edgar
|
0-0: Ball 1-0: Sac Bunt - play at first, batter OUT! 5-4 Al Bartlett to second
|
Batting: SHB José Estreito
|
0-0: Ball 1-0: Swinging Strike 1-1: Foul Ball, location: 2F 1-2: Ball 2-2: Ball 3-2: Foul Ball, location: 2F 3-2: Ground out 4-3 (Groundball, 34) Al Bartlett to third
|
Batting: RHB José Colón
|
0-0: Called Strike 0-1: Ball 1-1: SINGLE (Groundball, 56D) Al Bartlett scores
|
Batting: RHB Reynold Akker
|
0-0: Ball 1-0: Ball 2-0: Foul Ball, location: 2F 2-1: Fly out, F9 (Flyball, 9)
|
Top of the 8th over - 1 run(s), 1 hit(s), 0 error(s), 1 left on base; District 9 8 - Calgary 3 |
BOTTOM OF THE 8TH |
Calgary Cowboys batting - Pitching for District 9 Prawns : LHP Ben Johnson
|
Batting: RHB César Rodríguez
|
0-0: Ball 1-0: Called Strike 1-1: Foul Ball, location: 2F 1-2: Ball 2-2: Ball 3-2: Strikes out looking
|
Batting: LHB Del Kennedy
|
0-0: Called Strike 0-1: Foul Ball, location: 2F 0-2: Ball 1-2: Ground out 4-3 (Groundball, 4M)
|
Batting: RHB Tom Rowe
|
0-0: Ball 1-0: Fly out, F9 (Line Drive, 9S)
|
Bottom of the 8th over - 0 run(s), 0 hit(s), 0 error(s), 0 left on base; District 9 8 - Calgary 3 |
TOP OF THE 9TH |
District 9 Prawns batting - Pitching for Calgary Cowboys : RHP William Bryant
|
Batting: LHB Leonard Young
|
0-0: Called Strike 0-1: Foul Ball, location: 2F 0-2: Foul Ball, location: 2F 0-2: DOUBLE (Line Drive, 9LS)
|
Batting: RHB Felipe Jareño
|
0-0: Ball 1-0: Ball 2-0: Foul Ball, location: 2F 2-1: Ball 3-1: Fly out, F7 (Flyball, 7S)
|
Batting: LHB Mike Davis
|
0-0: Called Strike 0-1: Called Strike 0-2: 2-RUN HOME RUN (Flyball, 89XD), Distance : 411 ft
|
Pitching: RHP Esteban Alfonzo
|
|
Batting: RHB Gil Palmer
|
0-0: Swinging Strike 0-1: Called Strike 0-2: Ball 1-2: Foul Ball, location: 2F 1-2: Strikes out swinging
|
Batting: LHB Al Bartlett
|
0-0: Foul Ball, location: 2F 0-1: Ball 1-1: Foul Ball, location: 2F 1-2: Ball 2-2: Strikes out swinging
|
Top of the 9th over - 2 run(s), 2 hit(s), 0 error(s), 0 left on base; District 9 10 - Calgary 3 |
BOTTOM OF THE 9TH |
Calgary Cowboys batting - Pitching for District 9 Prawns : LHP Ben Johnson
|
Now in LF: Donnie Cunningham
|
|
Batting: LHB Miguel Pérez
|
0-0: Called Strike 0-1: Ground out 3-1 (Groundball, 34)
|
Batting: RHB Jorge Balencia
|
0-0: Ball 1-0: Swinging Strike 1-1: Ball 2-1: Foul Ball, location: 2F 2-2: Strikes out swinging
|
Batting: LHB Freddy Herrera
|
0-0: Ball 1-0: Foul Ball, location: 2F 1-1: Foul Ball, location: 2F 1-2: Foul Ball, location: 2F 1-2: SINGLE (Groundball, 4) (infield hit)
|
Batting: RHB Travis Colbert
|
0-0: Ball 1-0: Called Strike 1-1: Ground out 5-3 (Groundball, 56S)
|
Bottom of the 9th over - 0 run(s), 1 hit(s), 0 error(s), 1 left on base; District 9 10 - Calgary 3 |
|